cohdb
Replays
Latest Replays
All Replays
Popular Replays
Top Player Replays
Match Explorer
How It Works
Community
CoH3 Stats
Reddit
Sign in to upload your games and track your stats! →
Sign in with Steam
Match 40619917
Unlisted
Match 40619917
Overview
Messages
Build Orders
End
Kradschützen Motorcycle Team
Selects Panzerjäger Kommand Battlegroup
Selects Mine Fields
250 Light Carrier
Panzergrenadier Squad
Construct Light Support Kompanie
MG34 Team
2.5-tonne Medical Truck
Selects GrB 39 Grenade Launcher Requisition
Fire Support Elements
Panzerjäger Mechanized Group
Selects Early Warning
Flakvierling Half-track
250 Light Carrier
Construct Mechanized Kompanie
Selects Butterfly Bomb Drop
Butterfly Bomb Drop
Assault Grenadier Squad
Pak 38 Mechanized Group
Butterfly Bomb Drop
Construct Panzerarmee Kommand
Butterfly Bomb Drop
Armored Reserves
Butterfly Bomb Drop
Panzer III L Medium Tank
le.IG 18 Support Gun Team
Selects Crew Shock Tactics
Panzerpioneer Squad
Walking Stuka Rocket Launcher
Butterfly Bomb Drop
Assault Grenadier Squad
Butterfly Bomb Drop
Panzerjäger Squad
Butterfly Bomb Drop
Panzerjäger Squad
Tiger Heavy Tank
ShotgunBerserker
werwer15er
TTN COL KARL
PerritoNegro26
滋滋滋滋滋滋
Andersson
qwer
Moltke1871
0
0
Comments
sign in to comment!
No comments posted yet!